 Dungeon Sprint DCSS version 0.17-a0-1987-gaf5a542 (webtiles) character file.

53 Kidiri the Sneak (level 3, -10/24 HPs)
             Began as a Spriggan Enchanter on Oct 6, 2015.
             Mangled by a water elemental (18 damage)
             ... in the Dungeon (Sprint III: "The Ten Rune Challenge").
             The game lasted 00:02:19 (419 turns).

Kidiri the Sneak (Spriggan Enchanter)                Turns: 419, Time: 00:02:19

Health: -10/24     AC:  4    Str:  9    XL:     3   Next: 64%
Magic:  2/10       EV: 20    Int: 16    God:
Gold:   12         SH:  0    Dex: 17    Spells: 4 memorised, 2 levels left

rFire  . . .     SeeInvis +     a - +1 dagger
rCold  . . .     Clarity  .     b - +1 robe
rNeg   . . .     SustAt   .     (shield restricted)
rPois  .         Gourm    .     (helmet restricted)
rElec  .         Spirit   .     (no cloak)
rCorr  .         Warding  .     (gloves unavailable)
rMut   .         NoTele   +     (boots unavailable)
MR     .....                    (no amulet)
Stlth  ..........               (no ring)
                                (no ring)

@: berserking, very slightly contaminated, very quick, not resistant to hostile
enchantments, extremely unstealthy
A: unfitting armour, rugged brown scales 1, see invisible, deterioration 1,
herbivore 3, speed 3, mutation resistance 1, slow metabolism 2
a: no special abilities


You were in the Dungeon.
You were not hungry.

You visited 1 branch You collected 12 gold pieces.

Inventory:

Hand Weapons
 a - a +1 dagger (weapon)
Armour
 b - a +1 robe (worn)
Wands
 k - a wand of polymorph (4)
Scrolls
 j - a scroll of blinking
 m - a scroll of torment {unknown}
 n - 2 scrolls of remove curse
 r - a scroll of immolation {unknown}
 s - a scroll of identify {unknown}
Potions
 e - a potion of degeneration {unknown}
 f - a potion of heal wounds
 g - a potion of haste
 h - 2 potions of magic
 p - 2 potions of cure mutation {unknown}
 q - 3 potions of flight
Books
 c - a book of Maledictions

   Spells                             Type                      Level
   a - Corona                         Hexes                        1
   b - Ensorcelled Hibernation        Hexes/Ice                    2
   c - Confuse                        Hexes                        3
   d - Tukima's Dance                 Hexes                        3
   e - Dazzling Spray                 Conjuration/Hexes            3
Comestibles
 d - a bread ration
 o - a royal jelly


   Skills:
 * Level 3.4 Short Blades
 + Level 1.3 Armour
 * Level 5.1 Dodging
 * Level 6.4 Stealth
 * Level 4.7 Spellcasting
 + Level 0.3 Conjurations
 + Level 4.6 Hexes
 + Level 0.7 Ice Magic


You had 2 spell levels left.
You knew the following spells:

 Your Spells              Type           Power        Failure   Level  Hunger
a - Corona                Hex            ###....      2%          1    None
b - Ensorcelled Hibernat  Hex/Ice        ##....       10%         2    ##.....
c - Confuse               Hex            ###.....     10%         3    ###....
e - Dazzling Spray        Conj/Hex       ##......     17%         3    ###....


Dungeon Overview and Level Annotations

Branches:
Dungeon (1/1)

Altars:


Innate Abilities, Weirdness & Mutations

You are tiny and cannot use many weapons and most armour.
You have supernaturally acute eyesight.
You are a herbivore.
You cover ground extremely quickly.
You need consume almost no food.
You are partially covered in rugged brown scales (AC +1, +3% HP).
Your body sometimes deteriorates upon taking damage.
You are somewhat resistant to further mutation.


Message History

The water elemental is moderately damaged.
Casting: Dazzling Spray
Confirm with . or Enter, or press ? or * to list all spells.
Aiming: Dazzling Spray
Press: ? - help, Shift-Dir - straight line, f/p - water elemental
Aim: a water elemental (moderately damaged)
The spray of energy misses the water elemental.
Drink which item? (? for menu, Esc to quit)
A red film seems to cover your vision as you go berserk!
You feel yourself moving faster!
You feel mighty!
You feel a strong urge to attack something.
The water elemental hits you!
Ouch! That really hurt!
You hit the water elemental but do no damage.
The water elemental is moderately damaged.
You barely miss the water elemental.
The water elemental is moderately damaged.
The water elemental hits you!!
Ouch! That really hurt!
You die...

▓.....#....≈.♣♣♣♣.###+#+
▓.....#...≈≈...♣..#.....
▓.....#..≈≈≈≈♣.♣♣.'.⌠...
▓####÷#..≈≈≈≈≈≈.♣.#...##
▓%....#.≈≈≈≈≈≈....#.⌠.#
▓.....#.≈≈≈≈≈.....#...#
▓.....#.≈≈≈.......#+###
▓'#####...........#
▓......@E.........#
▓▓▓▓▓▓▓▓▓▓▓▓▓▓▓▓▓▓▓


You could see a water elemental.

Vanquished Creatures
  Jessica (D)
  A human (D)
  An ooze (D)
  A phantom (D)
  2 rats (D)
6 creatures vanquished.

Vanquished Creatures (others)
  A draconian scorcher (D)
1 creature vanquished.

Grand Total: 7 creatures vanquished

Notes
Turn   | Place    | Note
--------------------------------------------------------------
     0 | D        | Kidiri the Spriggan Enchanter began the quest for the Orb.
     0 | D        | Reached XP level 1. HP: 9/9 MP: 5/5
    44 | D        | Noticed Jessica
    61 | D        | Killed Jessica
    61 | D        | Reached skill level 1 in Armour
    61 | D        | Reached skill level 6 in Stealth
    61 | D        | Reached XP level 2. HP: 13/13 MP: 6/8
    61 | D        | Reached XP level 3. HP: 16/16 MP: 6/9
   109 | D        | Learned a level 2 spell: Ensorcelled Hibernation
   113 | D        | Learned a level 3 spell: Dazzling Spray
   117 | D        | Learned a level 3 spell: Confuse
   139 | D        | Reached skill level 5 in Dodging
   210 | D        | Killed a white draconian scorcher
   283 | D        | Gained mutation: Your body sometimes deteriorates upon taking damage. [potion of mutation]
   283 | D        | Gained mutation: You are partially covered in rugged brown scales (AC +1, +3% HP). [potion of mutation]
   284 | D        | Gained mutation: You are somewhat resistant to further mutation. [potion of mutation]
   400 | D        | Noticed a water elemental
   419 | D        | Mangled by a water elemental

Vault maps used:
D:        dungeon_sprint_mu

Action                   || total
-------------------------++-------
Melee: Dagger            ||    28
 Cast: Corona            ||     1
       Dazzling Spray    ||     5
       Ensorcelled Hiber ||     3
  Use: Potion            ||     4
       Scroll            ||     1
 Stab: Sleeping          ||     2
